 Dungeon Crawl Stone Soup version 0.19.4 (webtiles) character file.

1624 Naow the Destroyer (level 8, 0/41 HPs)
             Began as a Deep Elf Conjurer on Feb 1, 2017.
             Was a Follower of Vehumet.
             Shot with an arrow by a centaur (10 damage)
             ... on level 6 of the Dungeon.
             The game lasted 00:07:35 (7247 turns).

Naow the Destroyer (Deep Elf Conjurer)              Turns: 7247, Time: 00:07:36

Health: 0/41       AC:  3    Str:  5    XL:     8   Next: 65%
Magic:  19/22      EV: 13    Int: 23    God:    Vehumet [*.....]
Gold:   218        SH:  0    Dex: 15    Spells: 5 memorised, 7 levels left

rFire  . . .     SeeInvis .     (no weapon)
rCold  . . .     Gourm    .     a - +0 robe
rNeg   + . .     Faith    .     (no shield)
rPois  .         Spirit   .     (no helmet)
rElec  .         Reflect  .     (no cloak)
rCorr  .         Harm     .     g - +0 pair of gloves
MR     .....                    (no boots)
Stlth  ++........               (no amulet)
                                (no ring)
                                q - ring of positive energy

@: no status effects
A: no striking features
a: Renounce Religion


You were on level 6 of the Dungeon.
You worshipped Vehumet.
Vehumet was aware of your devotion.
You were not hungry.

You visited 2 branches of the dungeon, and saw 7 of its levels.

You collected 218 gold pieces.

Inventory:

Armour
 a - a +0 robe (worn)
 g - a +0 pair of gloves (worn)
Jewellery
 q - a ring of positive energy (left hand)
 w - an uncursed ring of resist corrosion {unknown}
Wands
 u - a wand of enslavement (17/24)
Scrolls
 e - 2 scrolls of random uselessness {unknown}
 h - a scroll of amnesia {unknown}
 j - 5 scrolls of remove curse {unknown}
 l - a scroll of teleportation {unknown}
 m - 3 scrolls of identify {unknown}
 n - 2 scrolls of magic mapping {unknown}
 o - 3 scrolls of fear {unknown}
 s - a scroll of blinking {unknown}
 v - a scroll of fog {unknown}
 z - a scroll of enchant armour {unknown}
Potions
 d - a potion of haste {unknown}
 i - 3 potions of curing {unknown}
 k - 4 potions of lignification
 p - a potion of ambrosia {unknown}
 r - a potion of invisibility {unknown}
Books
 b - a book of Conjurations

   Spells                             Type                      Level
   a - Magic Dart                     Conjuration                  1
   b - Searing Ray                    Conjuration                  2
   c - Dazzling Spray                 Conjuration/Hexes            3
   d - Fulminant Prism                Conjuration/Hexes            4
   e - Iskenderun's Mystic Blast      Conjuration                  4
   f - Iskenderun's Battlesphere      Conjuration/Charms           5
 y - a book of Changes

   Spells                             Type                      Level
   a - Beastly Appendage              Transmutation                1
   b - Sticks to Snakes               Transmutation                2
   c - Spider Form                    Transmutation/Poison         3
   d - Ice Form                       Ice/Transmutation            4
   e - Blade Hands                    Transmutation                5
Comestibles
 c - 6 bread rations
 f - 2 meat rations
 t - a beef jerky
 x - a slice of pizza
 A - a royal jelly
 B - a chunk of flesh


   Skills:
 - Level 2.4 Dodging
 - Level 2.4 Stealth
 + Level 8.1 Spellcasting
 + Level 9.7 Conjurations
 * Level 7.0 Charms


You had 7 spell levels left.
You knew the following spells:

 Your Spells              Type           Power        Failure   Level  Hunger
a - Magic Dart            Conj           ####         1%          1    None
b - Searing Ray           Conj           ######       1%          2    None
c - Iskenderun's Battles  Conj/Chrm      #####...     10%         5    #####..
d - Iskenderun's Mystic   Conj           ######..     1%          4    ###....
e - Fulminant Prism       Conj/Hex       ####......   12%         4    ###....


Dungeon Overview and Level Annotations

Branches:
Dungeon (6/15)             Temple (1/1) D:4

Altars:
Cheibriados
Dithmenos
Elyvilon
Fedhas
Gozag
Hepliaklqana
Kikubaaqudgha
Makhleb
Nemelex Xobeh
Qazlal
Ru
Trog
Uskayaw
Vehumet
Xom
Yredelemnul
The Shining One


Message History

Casting: Magic Dart
Confirm with . or Enter, or press ? or * to list all spells.
Aiming: Magic Dart
Press: ? - help, Shift-Dir - straight line, f/p - centaur
Aim: a centaur, wielding a shortbow (lightly wounded)
The magic dart hits the centaur.
The centaur is moderately wounded.
The centaur shoots an arrow.
The arrow hits you!
An orc comes into view. It is wielding a flail.
Casting: Magic Dart
Confirm with . or Enter, or press ? or * to list all spells.
Aiming: Magic Dart
Press: ? - help, Shift-Dir - straight line, f/p - centaur
Aim: a centaur, wielding a shortbow (lightly wounded)
The magic dart hits the centaur.
The centaur is lightly wounded.
The centaur shoots an arrow.
The arrow hits you!
* * * LOW HITPOINT WARNING * * *
The centaur shoots an arrow.
The arrow hits you!
You die...

#..# ####.# ##.# ####.#
#.# #..... #.####.##..
#.##....... ###
#.##.#.##.# ..o.########
#......##.#
##........#######.####.#
#......@.....# #.###...
#..c##.##.##.# #....... .
#.# ...# #####...
#.####..# #...
..####.......# #...
#.........##.## #...
#.....###.##.#########...
...... #................
#......##.#..............


You could see a centaur and an orc.

Vanquished Creatures
  A sky beast (D:5)
  3 ogres
  2 phantoms
  2 centaurs
  Blork the orc (D:6)
  A howler monkey (D:4)
  4 crimson imps
  A centaur zombie (D:6)
  4 hounds
  An orc wizard (D:3)
  2 orc priests
  A jelly (D:6)
  A bullfrog skeleton (D:5)
  Ijyb (D:3)
  An iguana (D:6)
  4 worker ants
  A killer bee zombie (D:5)
  A howler monkey skeleton (D:4)
  9 adders
  A shadow imp (D:6)
  2 oozes
  4 worms
  3 dart slugs
  3 leopard geckos
  19 orcs
  6 bats
  4 giant cockroaches
  6 goblins
  9 hobgoblins
  3 jackals (D:1)
  5 kobolds
  A quokka (D:4)
  A ball python (D:2)
  6 frilled lizards
  A leopard gecko skeleton (D:6)
  A leopard gecko zombie (D:5)
  5 rats
121 creatures vanquished.

Vanquished Creatures (others)
  A fulminant prism (D:5)
1 creature vanquished.

Grand Total: 122 creatures vanquished

Notes
Turn   | Place    | Note
-------+----------+-------------------------------------------
     0 | D:1      | Naow the Deep Elf Conjurer began the quest for the Orb.
     0 | D:1      | Reached XP level 1. HP: 10/10 MP: 6/6
   191 | D:1      | Reached XP level 2. HP: 15/15 MP: 6/8
   195 | D:1      | Learned a level 2 spell: Searing Ray
   519 | D:1      | Reached skill level 5 in Conjurations
   864 | D:1      | Reached XP level 3. HP: 19/19 MP: 8/10
  1965 | D:2      | Reached XP level 4. HP: 24/24 MP: 5/11
  2463 | D:3      | Noticed Ijyb
  2467 | D:3      | Killed Ijyb
  2467 | D:3      | Reached skill level 6 in Conjurations
  2663 | D:3      | Reached XP level 5. HP: 16/28 MP: 4/13
  3308 | D:4      | Reached skill level 5 in Spellcasting
  3313 | D:4      | Reached skill level 7 in Conjurations
  3451 | D:4      | Noticed a hand axe
  3451 | D:4      | Noticed a dagger
  3453 | D:4      | Found a hide-covered altar of Uskayaw.
  3470 | D:4      | Reached XP level 6. HP: 32/32 MP: 11/15
  3779 | D:4      | Reached skill level 8 in Conjurations
  3934 | D:4      | Reached XP level 7. HP: 36/36 MP: 12/18
  3993 | D:4      | Found a staircase to the Ecumenical Temple.
  4101 | Temple   | Entered the Ecumenical Temple
  4106 | Temple   | Became a worshipper of Vehumet
  4184 | D:5      | Entered Level 5 of the Dungeon
  4806 | D:5      | Reached skill level 9 in Conjurations
  4883 | D:5      | Learned a level 5 spell: Iskenderun's Battlesphere
  4888 | D:5      | Learned a level 4 spell: Iskenderun's Mystic Blast
  4893 | D:5      | Learned a level 4 spell: Fulminant Prism
  5458 | D:5      | Reached XP level 8. HP: 27/41 MP: 8/20
  6319 | D:6      | Reached skill level 5 in Charms
  6348 | D:6      | Found an ancient bone altar of Kikubaaqudgha.
  6385 | D:6      | Reached * piety under Vehumet
  6385 | D:6      | Offered knowledge of Flame Tongue by Vehumet.
  6390 | D:6      | Noticed Blork the orc
  6396 | D:6      | Killed Blork the orc
  6513 | D:6      | HP: 1/41 [centaur/arrow (19)]
  7247 | D:6      | Shot with an arrow by a centaur

Skill      XL: |  1  2  3  4  5  6  7  8 |
---------------+-------------------------+-----
Conjurations   | 5 6 7 8 9 |  9.7
Spellcasting   | 4 5 6 7 8 |  8.1
Charms         | 3 7 |  7.0
Dodging        | |  2.4
Stealth        | |  2.4

Action                   |  1- 3 |  4- 6 |  7- 9 || total
-------------------------+-------+-------+-------++-------
 Cast: Magic Dart        |    70 |    64 |   121 ||   255
       Searing Ray       |     3 |    12 |    16 ||    31
       Fulminant Prism   |       |       |     1 ||     1
       Iskenderun's Myst |       |       |     3 ||     3
  Use: Potion            |       |       |     1 ||     1
  Eat: Chunk             |     3 |     6 |     5 ||    14
       Meat ration       |       |       |     1 ||     1
Armor: Robe              |     2 |     1 |     4 ||     7
       Skin              |       |       |     3 ||     3
Dodge: Dodged            |     1 |     9 |    19 ||    29
